 Dungeon Crawl Stone Soup version 0.31.0-11-ge490571c62 (webtiles) character file.

Game seed: 11159331698475567468

7 Goblin1989 the Cudgeller (level 1, -1/18 HPs)
             Began as a Demonspawn Cinder Acolyte on Feb 7, 2024.
             Was a High Priest of Ignis.
             Slain by a quokka (4 damage)
             ... on level 1 of the Dungeon.
             The game lasted 00:01:18 (128 turns).

Goblin1989 the Cudgeller (Demonspawn Cinder Acolyte) Turns: 128, Time: 00:01:19

Health: -1/18      AC:  2    Str: 14    XL:     1   Next: 83%
Magic:  2/2        EV: 11    Int: 14    God:    Ignis [*****.]
Gold:   9          SH:  0    Dex:  8    Spells: 2/2 levels left

rFire   + . .        b - +0 flail
rCold   . . .        (no shield)
rNeg    . . .        d - +0 robe
rPois   .            (no helmet)
rElec   .            (no cloak)
rCorr   .            (no gloves)
SInv    .            (no boots)
Will    .....        (no amulet)
Stlth   +            (no ring)
HPRegen 0.23/turn    (no ring)
MPRegen 0.08/turn

%: no passive effects
@: no status effects
A: no striking features
a: Renounce Religion, Fiery Armour, Foxfire Swarm, Rising Flame


You were on level 1 of the Dungeon.
You worshipped Ignis.
Ignis was extremely pleased with you.
You visited 1 branch of the dungeon, and saw 1 of its levels.

You collected 9 gold pieces.

Inventory:

Hand Weapons
 a - a -1 mace of flaming
 b - a +0 flail (weapon)
Armour
 d - a +0 robe (worn)
Jewellery
 e - a ring of magical power
Scrolls
 c - a scroll of enchant weapon {unknown}
 f - 2 scrolls of enchant armour {unknown}
 g - a scroll of summoning {unknown}


   Skills:
 - Level 3.0 Fighting
 + Level 3.1 Maces & Flails
 - Level 1.0 Spellcasting
 - Level 2.6 Fire Magic


You had 2 spell levels left.
You didn't know any spells.
Your spell library contained the following spells:

 Spells                   Type           Power      Damage    Failure   Level
 Scorch                   Fire           16%        2d5       13%         2


Dungeon Overview and Level Annotations

Branches:
Dungeon (1/15) Zot: 5867

Altars:


Message History

No target in view!
No target in view!
No target in view!
No target in view!
No target in view!
No target in view!
No target in view!
No target in view!
No target in view!
No target in view!
No target in view!
No target in view!
No target in view!
No target in view!
No target in view!
No target in view!
You now have 9 gold pieces.
Found 6 stones.
Health restored: 18 A giant cockroach comes into view.
A giant cockroach is nearby! 2 ball pythons come into view.
The ball python hisses angrily.
Found a scroll labelled GAIBOADECIT.
Found a stone staircase leading down.
The ball python hisses angrily.
You hit the giant cockroach.
The giant cockroach is heavily wounded.
A quokka comes into view.
The giant cockroach closely misses you.
You hit the giant cockroach.
The giant cockroach is severely wounded.
A rat comes into view.
The giant cockroach bites you.
You take 2 damage, and have 16/18 hp.
The rat squeaks loudly.
You thump the giant cockroach!
You kill the giant cockroach!
The ball python bites you. The ball python grabs you.
The ball python constricts you. The ball python bites you.
The ball python constricts you. The ball python barely misses you.
You take 3 damage, and have 13/18 hp.
You hit the ball python.
The ball python is heavily wounded.
The ball python bites you. The ball python constricts you.
The ball python bites you.
You take 3 damage, and have 10/18 hp.
You are too injured to fight recklessly!
You are too injured to fight recklessly!
You are too injured to fight recklessly!
You are too injured to fight recklessly!
You are too injured to fight recklessly!
You are too injured to fight recklessly!
You are too injured to fight recklessly!
You are too injured to fight recklessly!
You are too injured to fight recklessly!
You are too injured to fight recklessly!
You are too injured to fight recklessly!
You are too injured to fight recklessly!
You are too injured to fight recklessly!
You are too injured to fight recklessly!
You are too injured to fight recklessly!
You are too injured to fight recklessly!
You are too injured to fight recklessly!
You are too injured to fight recklessly!
You are too injured to fight recklessly!
You are too injured to fight recklessly!
You escape the ball python's grasp.
The ball python barely misses you. The ball python grabs you.
The ball python constricts you.
You take 1 damage, and have 9/18 hp.
The ball python's grasp on you weakens, but your attempt to escape fails.
The ball python closely misses you. The ball python constricts you.
You hit the ball python.
The ball python is moderately wounded.
The quokka bites you but does no damage.
The ball python barely misses you. The ball python constricts you.
The quokka bites you.
* * * LOW HITPOINT WARNING * * *
You take 2 damage, and have 7/18 hp.
You closely miss the ball python.
The ball python is moderately wounded.
The ball python bites you.
* * * LOW HITPOINT WARNING * * *
The ball python constricts you.
* * * LOW HITPOINT WARNING * * *
The quokka bites you.
* * * LOW HITPOINT WARNING * * *
The ball python bites you.
* * * LOW HITPOINT WARNING * * *
The ball python constricts you.
You take 5 damage, and have 2/18 hp.
MASSIVE DAMAGE!!
You escape the ball python's grasp.
The quokka attacks as it pursues you! The quokka misses you.
You barely miss the quokka. The quokka closely misses you.
The quokka misses you.
You closely miss the quokka. The quokka misses you.
You hit the quokka.
The quokka is almost dead.
The quokka bites you.
You die... ...█████...>.███..█ .█ █........██████..██ .. ..██....██ █.██ █ ..........█ █.█ █████

█..█...██.█ ███.█ █....?
██......██.█ █...█ █......
........█.████.███ .......
█..........██.████>......
█.(...........@rS█.......
♣♣♣......██.....██Sr†......
.†.).....██.....████.......
♣♣♣................ .......
█......██.....███ ...(...
♣██..............█ .......
........███......█ .......
████...██ █......█ .......


█████ ████...█ █...... You could see a quokka, 2 ball pythons and a rat.

Vanquished Creatures
  An endoplasm (D:1)
  A giant cockroach (D:1)
  A hobgoblin (D:1)
  A kobold (D:1)
  2 rats (D:1)
6 creatures vanquished.

Notes
Turn   | Place    | Note
-------+----------+-------------------------------------------
     0 | D:1      | Goblin1989 the Demonspawn Cinder Acolyte began the quest
                  | for the Orb.
     0 | D:1      | Reached XP level 1. HP: 18/18 MP: 2/2
   128 | D:1      | Slain by a quokka

Illustrated notes

Levels and vault maps discovered:
D:1:      scummos_arrival_forest, layout_rooms, minmay_cut_off

Skill      XL: |  1 |
---------------+----+-----
Maces & Flails | 3 |  3.1
Fighting       | |  3.0
Spellcasting   | |  1.0
Fire Magic     | |  2.6

Action                     || total
---------------------------++-------
  Melee: Flail             ||    13
         Mace              ||     9
 Armour: Robe              ||    18
  Dodge: Dodged            ||    18
